 Dungeon Crawl Stone Soup version 0.29.1-15-g9cfb28693d (webtiles) character file.

Game seed: 4809111154106736694

46 raph the Chiller (level 3, -3/24 HPs)
             Began as a Merfolk Ice Elementalist on Apr 16, 2023.
             Killed by divine providence
             ... invoked by an orc priest
              (16 damage)
             ... on level 3 of the Dungeon.
             The game lasted 00:02:32 (2729 turns).

raph the Chiller (Merfolk Ice Elementalist)         Turns: 2729, Time: 00:02:32

Health: -3/24      AC:  8    Str:  8    XL:     3   Next: 68%
Magic:  12/15      EV: 12    Int: 16    God:
Gold:   68         SH:  0    Dex: 14    Spells: 2/6 levels left

rFire   . . .      SeeInvis .   l - +0 dagger
rCold   . . .      Faith    .   (no shield)
rNeg    . . .      Spirit   .   a - +0 robe
rPois   .          Reflect  .   (no helmet)
rElec   .          Harm     .   u - +1 cloak
rCorr   .          Rampage  .   i - +0 pair of gloves
Will    .....                   g - +2 pair of boots
Stlth   ++........              (no amulet)
HPRegen 0.08/turn               p - ring of magical power
MPRegen 0.14/turn               (no ring)

@: freezing walls
A: (nimble swimmer 2), mertail
a: no special abilities


You were on level 3 of the Dungeon.
You visited 1 branch of the dungeon, and saw 3 of its levels.

You collected 68 gold pieces.

Inventory:

Hand Weapons
 l - a +0 dagger (weapon)
Missiles
 e - 12 poisoned darts
 q - 5 javelins
Armour
 a - a +0 robe (worn)
 g - a +2 pair of boots (worn)
 i - a +0 pair of gloves (worn)
 u - a +1 cloak (worn)
Jewellery
 p - a ring of magical power (left hand)
Wands
 r - a wand of paralysis (8)
Scrolls
 d - a scroll of enchant weapon {unknown}
 f - a scroll of immolation {unknown}
 h - a scroll of noise {unknown}
 m - a scroll of silence {unknown}
 n - a scroll of fog {unknown}
 o - a scroll of fear {unknown}
 t - 2 scrolls of identify {unknown}
Potions
 b - a potion of magic
 c - 3 potions of heal wounds {unknown}
 j - a potion of berserk rage {unknown}
 k - a potion of curing {unknown}
 s - a potion of lignification {unknown}


   Skills:
 - Level 2.6 Dodging
 - Level 2.1 Stealth
 - Level 2.0 Spellcasting
 + Level 5.8 Ice Magic


You had 2 spell levels left.
You knew the following spells:

 Your Spells              Type           Power      Damage    Failure   Level
a - Freeze                Ice            80%        1d9       1%          1
b - Frozen Ramparts       Ice            40%        1d7       5%          3

Your spell library contained the following spells:

 Spells                   Type           Power      Damage    Failure   Level
 Static Discharge         Conj/Air       1%         3-4/arc   30%         2
 Ozocubu's Armour         Ice            20%        N/A       5%          3
 Hailstorm                Conj/Ice       10%        3d5       52%         4
 Dispel Undead            Necr           1%         3d6       90%         4
 Sticky Flame             Conj/Fire      1%         2d3       90%         4


Dungeon Overview and Level Annotations

Branches:
Dungeon (3/15)

Altars:


Innate Abilities, Weirdness & Mutations

((You are very nimble when in or above water. (Stealth+, EV+, Speed+++)))
Your lower body shifts to a powerful aquatic tail in water.


Message History

The wall freezes the quokka but does no damage.
You miss the quokka.
The wall freezes the quokka.
The quokka closely misses you.
You hit the quokka but do no damage.
The quokka is severely wounded.
The wall freezes the quokka.
You kill the quokka!
You start putting on your armour.
You continue putting on your +1 cloak. x4
You finish putting on your +1 cloak.
You start resting.
The frozen ramparts melt away.
Magic restored.
e - 12 poisoned darts (gained 4) 2 orcs and 2 orc priests come into view.
The orc shouts!
The orc priest shouts!
You hear a shout!
The orc priest miscasts a cantrip.
An orc comes into view. It is wielding a +0 dagger.
The orc shouts!
You hit the orc priest.
The orc priest is lightly wounded.
The orc priest mumbles some strange prayers to Beogh against you.
Beogh smites you!
Ouch! That really hurt!
Casting: Frozen Ramparts (quite dangerous; 5% risk of failure)
Confirm with . or Enter, or press ? or * to list all spells.
Casting: Frozen Ramparts (quite dangerous; 5% risk of failure)
Press: ? - help, Dir - look around, f - activate The walls around you are covered in ice.
The wall freezes the orc priest.
The orc priest casts a cantrip, but nothing happens.
The wall freezes the orc priest.
Casting: Frozen Ramparts (quite dangerous; 5% risk of failure)
Confirm with . or Enter, or press ? or * to list all spells.
You don't know that spell.
You hit the orc priest. You punch the orc priest.
The orc priest is heavily wounded.
The wall freezes the orc priest but does no damage.
The orc priest mumbles some strange prayers to Beogh against you.
Beogh smites you!
Ouch! That really hurt!
You die...

###########
.
o.o.ooo@..#
#
########.##
# #.#
##########
#.#
#........#
#.#
#.######.#
#.# #.# #.#
#.#
#.######.#
#.#
#......#.#
#.#


You could see 2 orc priests and 3 orcs.

Vanquished Creatures
  An adder (D:2)
  An orc (D:3)
  A ball python (D:2)
  An endoplasm (D:2)
  8 goblins
  6 hobgoblins
  3 quokkas
  A bat (D:1)
  4 frilled lizards
  4 kobolds
  2 rats
32 creatures vanquished.

Notes
Turn   | Place    | Note
-------+----------+-------------------------------------------
     0 | D:1      | raph the Merfolk Ice Elementalist began the quest for the
                  | Orb.
     0 | D:1      | Reached XP level 1. HP: 13/13 MP: 3/3
   935 | D:1      | Reached XP level 2. HP: 19/19 MP: 0/5
  1382 | D:2      | Reached skill level 5 in Ice Magic
  1552 | D:2      | Found a faded altar of an unknown god.
  1900 | D:2      | Reached XP level 3. HP: 24/24 MP: 6/6
  1904 | D:2      | Learned a level 3 spell: Frozen Ramparts
  2008 | D:2      | You fall into a shaft and drop 1 floor!
  2729 | D:3      | Killed from afar by an orc priest

Illustrated notes

Levels and vault maps discovered:
D:1:      eino_arrival_water_cross, layout_basic
D:2:      layout_loops_ring, hellmonk_ecumenical_altar_run_dry,
          minmay_goblin_kobold_house
D:3:      layout_basic, kennysheep_generic_room_8

Skill      XL: |  1  2 |
---------------+-------+-----
Ice Magic      | 5 |  5.8
Dodging        | |  2.6
Stealth        | |  2.1
Spellcasting   | |  2.0

Action                   || total
-------------------------++-------
Melee: Unarmed           ||     5
       Dagger            ||    13
       Punch             ||     1
 Cast: Freeze            ||    28
       Frozen Ramparts   ||     8
Armor: Robe              ||    16
Dodge: Dodged            ||    25
